 Dungeon Crawl Stone Soup version 0.27-a0-245-g075faa5519 (webtiles) character file.

Game seed: 11274162398103137837

19 MrTvister the Grave Robber (level 2, 20/20 HPs)
             Began as a Ghoul Necromancer on Feb 3, 2021.
             Quit the game on level 1 of the Dungeon.
             The game lasted 00:14:04 (925 turns).

MrTvister the Grave Robber (Ghoul Necromancer)       Turns: 925, Time: 00:14:04

Health: 20/20      AC:  2    Str: 11    XL:     2   Next: 75%
Magic:  4/4        EV: 12    Int: 10    God:
Gold:   32         SH:  0    Dex:  9    Spells: 4/5 levels left

rFire    . . .     SeeInvis .   (no weapon)
rCold    + . .     Faith    .   (no shield)
rNeg     + + +     Spirit   .   a - +0 robe
rPois    ∞         Reflect  .   (no helmet)
rElec    .         Harm     .   (no cloak)
rCorr    .         Rampage  .   (no gloves)
Will     .....                  (no boots)
Stlth    ++........             (no amulet)
HPRegen  0.06/turn              (no ring)
MPRegen  0.09/turn              (no ring)

@: no status effects
A: claws 1, cold resistance 1, negative energy resistance 3, inhibited
regeneration, torment resistance, unbreathing
a: no special abilities


You were on level 1 of the Dungeon.
You visited 1 branch of the dungeon, and saw 1 of its levels.

You collected 32 gold pieces.

Inventory:

Hand Weapons
 i - a +0 whip
 k - a +0 short sword
 m - a +0 club
 p - a +0 hand axe
Missiles
 b - 45 arrows
 g - 20 sling bullets
 h - 47 stones
 l - 9 poisoned darts
 n - 15 bolts
Armour
 a - a +0 robe (worn)
 c - a +0 robe
Scrolls
 e - a scroll of identify {unknown}
 f - a scroll of magic mapping {unknown}
Potions
 d - 2 potions of berserk rage {unknown}
 j - a potion of attraction {unknown}
 o - a potion of curing {unknown}


   Skills:
 + Level 1.8 Dodging
 + Level 2.3 Stealth
 + Level 2.2 Spellcasting
 + Level 4.3 Necromancy


You had 4 spell levels left.
You knew the following spells:

 Your Spells              Type           Power        Failure   Level
a - Pain                  Necr           36%          5%          1

Your spell library contained the following spells:

 Spells                   Type           Power        Failure   Level
 Animate Skeleton         Necr           18%          5%          1
 Vampiric Draining        Necr           4%           16%         3
 Animate Dead             Necr           4%           45%         4
 Agony                    Necr           9%           82%         5


Dungeon Overview and Level Annotations

Branches:
Dungeon (1/15)

Altars:


Innate Abilities, Weirdness & Mutations

You thrive by killing the living.
You are immune to poison.
You have sharp fingernails.
Your flesh is cold resistant. (rC+)
You are immune to negative energy. (rN+++)
You do not regenerate when monsters are visible.
You are immune to unholy pain and torment.
You can survive without breathing.


Message History

There are no items here.
There is an open door here.
You open the door.
There is an open door here.
Unknown command.
Memorise Animate Skeleton, consuming 1 spell level and leaving 3? [Y]es or [N]o only, please.
Memorise Animate Skeleton, consuming 1 spell level and leaving 3? [Y]es or [N]o only, please.
Memorise Animate Skeleton, consuming 1 spell level and leaving 3?
Okay, then.
Unknown command.
Casting: Pain (safe; 5% risk of failure)
Confirm with . or Enter, or press ? or * to list all spells.
Okay, then.
Unknown command.
You open the door.
There is an open door here.
There is an open door here.
Are you sure you want to abandon this character and quit the game? (Confirm with "yes".)

####'#####.##
#...........#
#...........#
#...........#
#...........#
#...........#
#...........#
#...........####
#........@..'..#
#...........##.#
###
#...........##.#
#..
########'#####.#
#.# #.......#
#.# #########
#.# #.. ###


There were no monsters in sight!

Vanquished Creatures
  A dart slug (D:1)
  2 leopard geckos (D:1)
  2 ball pythons (D:1)
  A goblin (D:1)
  A hobgoblin (D:1)
  2 kobolds (D:1)
  2 frilled lizards (D:1)
  5 rats (D:1)
16 creatures vanquished.

Notes
Turn   | Place    | Note
-------+----------+-------------------------------------------
     0 | D:1      | MrTvister the Ghoul Necromancer began the quest for the
                  | Orb.
     0 | D:1      | Reached XP level 1. HP: 14/14 MP: 2/2
   174 | D:1      | Reached XP level 2. HP: 20/20 MP: 0/3
   925 | D:1      | Quit the game

Illustrated notes

Levels and vault maps discovered:
D:1:      dpeg_arrival_arbitrary_c, layout_basic

Skill      XL: |  1  2 |
---------------+-------+-----
Spellcasting   | 2 |  2.2
Dodging        | |  1.8
Stealth        | |  2.3
Necromancy     | |  4.3

Action                   || total
-------------------------++-------
Melee: Unarmed           ||    23
 Cast: Pain              ||    19
Armor: Robe              ||     4
Dodge: Dodged            ||    20

Table legend: (Time is in decaauts)
 A = Elapsed time spent in this place.
 B = Non-inter-level travel time spent in this place.
 C = Inter-level travel time spent in this place.
 D = Time resting spent in this place.
 E = Time spent auto-exploring this place.
 F = Levels seen in this place.
 G = Mean time per level.
                   A        B        C        D        E       F      G
               +--------+--------+--------+--------+--------+-----+--------+
         Total |    925 |    527 |    398 |    308 |      0 |   1 |  925.0 |
       Dungeon |    925 |    527 |    398 |    308 |      0 |   1 |  925.0 |
               +--------+--------+--------+--------+--------+-----+--------+

Top non-repeatable levels by time:
     D:1: 925 daAuts
